 Dungeon Crawl Stone Soup version 0.23.2-1-ga50397a (webtiles) character file.

Game seed: 9431857888438453546

405 xveg the Bolt Thrower (level 6, -2/54 HPs)
             Began as a Deep Dwarf Hunter on May 8, 2019.
             Was an Initiate of Okawaru.
             Slain by a mummy (13 damage)
             ... on level 4 of the Dungeon.
             The game lasted 00:11:50 (3362 turns).

xveg the Bolt Thrower (Deep Dwarf Hunter)           Turns: 3362, Time: 00:11:51

Health: -2/54      AC:  6    Str: 14 (15) XL:     6   Next: 56%
Magic:  6/6        EV: 12    Int: 10 (12) God:    Okawaru [......]
Gold:   195        SH:  0    Dex: 13 (15) Spells: 5/5 levels left

rFire    x . .     SeeInvis .   b - staff of cold
rCold    + + .     Gourm    .   (no shield)
rNeg     . . .     Faith    .   c - +0 leather armour
rPois    .         Spirit   .   (no helmet)
rElec    .         Reflect  .   e - +0 cloak
rCorr    .         Harm     .   (no gloves)
MR       .....                  (no boots)
Stlth    ++........             (no amulet)
HPRegen  0.00/turn              v - +2 ring of protection
MPRegen  0.10/turn              w - ring of ice

@: non-regenerating
A: damage resistance, heal wounds, sense surroundings 1, no regeneration
a: Heal Wounds, Renounce Religion


You were on level 4 of the Dungeon.
You worshipped Okawaru.
Okawaru was noncommittal.
You were very hungry.

You visited 1 branch of the dungeon, and saw 4 of its levels.
You also visited: Ossuary.

You collected 195 gold pieces.

Inventory:

Hand Weapons
 a - a +1 hand crossbow
 r - a +0 short sword
 s - a +2 spear of distortion
 x - a +0 whip of distortion
Armour
 c - a +0 leather armour (worn)
 e - a +0 cloak (worn)
Magical Staves
 b - an uncursed staff of cold (weapon)
Jewellery
 v - a +2 ring of protection (left hand)
 w - a ring of ice (right hand)
Scrolls
 u - 2 scrolls of remove curse
Potions
 g - a potion of curing
 h - 2 potions of brilliance {unknown}
 i - a potion of heal wounds {unknown}
 k - a potion of degeneration
 l - a potion of cancellation {unknown}
 m - a potion of berserk rage {unknown}
 o - a potion of invisibility {unknown}
 q - a potion of might {unknown}
 t - a potion of lignification {unknown}
Comestibles
 f - 7 rations


   Skills:
 + Level 2.3 Fighting
 * Level 2.0 Short Blades
 + Level 0.1 Maces & Flails
 + Level 0.2 Staves
 + Level 6.7 Crossbows
 + Level 2.5 Armour
 + Level 2.6 Dodging
 * Level 3.4 Stealth


You had 5 spell levels left.
You didn't know any spells.
Your spell library was empty.

Dungeon Overview and Level Annotations

Branches:
Dungeon (4/15)
 Temple: D:4-7

Altars:
Okawaru
Qazlal
Yredelemnul


Innate Abilities, Weirdness & Mutations

You are resistant to damage.
You can heal yourself by infusing magical energy.
You passively map a small area around you.
You do not regenerate.


Message History

You destroy the mummy!
Okawaru accepts your kill.
Firing (i - inventory)
d - a bolt (quivered)
Press: ? - help, Shift-Dir - straight line, f - mummy
Aim: a mummy (lightly damaged)
You shoot a bolt. The bolt barely misses the mummy.
The mummy hits you but does no damage.
Firing (i - inventory) No suitable missiles.
Press: ? - help, Shift-Dir - straight line, f/p - mummy
Aim: a mummy (lightly damaged)
Okay, then.
Firing (i - inventory) No suitable missiles.
Press: ? - help, Shift-Dir - straight line, f/p - mummy
Aim: a mummy (lightly damaged)
Okay, then.
b - an uncursed staff of cold (weapon)
You hit the mummy but do no damage.
The mummy is lightly damaged.
The mummy hits you!
You die...

#.#
############...........
#.# ##..(..##
#....#...... #.#
#8.....8# ,, #.#
##.....## *, , #.#
###.### , . , #.# #(#
*,... ,
#.#########∩########....
* *
#.#........(.†......#...
*
#.#...........M@.......#
#.#...................##
#.#.###################
#.#.# #.#.# #.#.# #.#.#
#...# #####


You could see a mummy.

Vanquished Creatures
  A phantom (D:2)
  A hound (D:4)
  A bullfrog skeleton (D:4)
  An orc wizard (D:3)
  3 mummies
  7 gnolls (D:3)
  5 adders
  An ooze (D:3)
  3 worms
  A dart slug (D:1)
  2 orcs (D:3)
  3 ball pythons
  3 giant cockroaches (D:4)
  A gnoll zombie (Ossuary)
  6 goblins
  4 hobgoblins
  6 jackals (D:1)
  6 kobolds
  10 bats
  4 frilled lizards
  2 hobgoblin zombies (Ossuary)
  A kobold zombie (Ossuary)
  2 orc zombies (Ossuary)
  6 rats
80 creatures vanquished.

Notes
Turn   | Place    | Note
-------+----------+-------------------------------------------
     0 | D:1      | xveg the Deep Dwarf Hunter began the quest for the Orb.
     0 | D:1      | Reached XP level 1. HP: 19/19 MP: 1/1
   130 | D:1      | Reached XP level 2. HP: 26/26 MP: 2/2
   215 | D:1      | Reached skill level 5 in Crossbows
   652 | D:2      | Reached XP level 3. HP: 30/32 MP: 3/3
   712 | D:2      | Reached skill level 1 in Short Blades
   787 | D:2      | Found a faded altar of an unknown god.
   798 | D:2      | Noticed a phantom
   813 | D:2      | Killed a phantom
   813 | D:2      | Reached XP level 4. HP: 27/39 MP: 4/4
   813 | D:2      | Reached XP level 5. HP: 31/45 MP: 5/5
  1430 | D:3      | Found a stormy altar of Qazlal.
  1431 | D:3      | Found a basalt altar of Yredelemnul.
  1471 | D:3      | Reached skill level 1 in Armour
  1474 | D:3      | Reached skill level 6 in Crossbows
  1538 | D:3      | Reached XP level 6. HP: 25/52 MP: 6/6
  1549 | D:3      | HP: 2/52 [something (23)]
  3035 | D:4      | Found an iron altar of Okawaru.
  3039 | D:4      | Became a worshipper of Warmaster Okawaru
  3255 | D:4      | Found a sand-covered staircase.
  3287 | Ossuary  | Entered an ossuary
  3362 | D:4      | Slain by a mummy

Skill      XL: |  1  2  3  4  5  6 |
---------------+-------------------+-----
Crossbows      | 5 6 |  6.7
Fighting       | 2 |  2.3
Short Blades   | 1 2 |  2.0
Stealth        | 2 3 |  3.4
Armour         | 2 |  2.5
Maces & Flails | |  0.1
Staves         | |  0.2
Dodging        | |  2.6

Action                   |  1- 3 |  4- 6 || total
-------------------------+-------+-------++-------
Melee: Short sword       |     1 |    11 ||    12
       Whip              |       |    11 ||    11
       Staff             |       |    65 ||    65
       Spear             |       |     7 ||     7
 Fire: Hand crossbow     |    73 |    66 ||   139
 Abil: Heal Wounds       |       |     4 ||     4
Evoke: Wand              |       |     3 ||     3
  Use: Scroll            |       |     7 ||     7
       Potion            |       |     3 ||     3
 Stab: Sleeping          |       |     3 ||     3
  Eat: Chunk             |       |     3 ||     3
       Ration            |       |     1 ||     1
Armor: Leather armour    |     6 |    35 ||    41
Dodge: Dodged            |    14 |    91 ||   105
